 Dungeon Crawl Stone Soup version 0.26.1-2-gb8aa6d0cf2 (webtiles) character file.

Game seed: 3766719281302892913

12621 nightchill the Covert (level 11, -5/78 HPs)
             Began as an Octopode Transmuter on Feb 28, 2021.
             Was an Initiate of Gozag.
             Slain by a boulder beetle (19 damage)
             ... on level 2 of the Lair of Beasts.
             The game lasted 00:43:03 (19891 turns).

nightchill the Covert (Octopode Transmuter)        Turns: 19891, Time: 00:43:04

Health: -5/78      AC:  1    Str: 12    XL:     11   Next: 96%
Magic:  5/14       EV: 13    Int: 17    God:    Gozag
Gold:   746        SH:  0    Dex: 12    Spells: 1/14 levels left

rFire    . . .     SeeInvis +     - Unarmed
rCold    + . .     Faith    .   (shield currently unavailable)
rNeg     + + +     Spirit   .   (helmet restricted)
rPois    .         Reflect  .   L - amulet of the acrobat
rElec    .         Harm     .   m - ring of see invisible
rCorr    +         Rampage  .   A - ring "Daemi" {rC+ rCorr}
Will     +....                  C - ring "Hugaomit" {+Inv rN+++ Slay+5 SInv}
Stlth    ++++++....             E - ring of wizardry
HPRegen  0.23/turn              G - ring of willpower
MPRegen  0.14/turn              (no ring)
                                (no ring)
                                (no ring)

@: blade tentacles, studying Bows
A: almost no armour, stealthy swim, amphibious, 8 rings, constrict 8, camouflage
1, gelatinous body 1
a: End Transformation, Renounce Religion, Evoke Invisibility, Potion Petition,
Call Merchant, Bribe Branch


You were on level 2 of the Lair of Beasts.
You worshipped Gozag.
Gozag was pleased with you.
You had blades for tentacles.
You visited 3 branches of the dungeon, and saw 13 of its levels.

You collected 2062 gold pieces.
You spent 840 gold pieces at shops.
You paid 476 gold pieces to Gozag.

Inventory:

Hand Weapons
 l - the +3 rapier of the Tomato {pain, *Noise Will+ Dex+4, unknown}
   (You found it on level 1 of the Lair of Beasts)

   In the hands of one skilled in necromantic magic, it inflicts extra damage on
   living creatures.
   It affects your dexterity (+4).
   It affects your willpower, your defense against some magical effects.
   It may make noises in combat.
Missiles
 H - 67 stones (quivered)
Jewellery
 m - a ring of see invisible (left scythe-like blade)
 A - the ring "Daemi" (right scythe-like blade) {rC+ rCorr}
   (You took it off an orc wizard on level 7 of the Dungeon)

   [ring of resist corrosion]

   It protects you from cold.
   It provides partial protection from all sources of acid and corrosion.
 C - the ring "Hugaomit" (on tentacle) {+Inv rN+++ Slay+5 SInv}
   (You took it off a wight on level 7 of the Dungeon)

   [ring of see invisible]

   It affects your accuracy and damage with ranged weapons and melee attacks
   (+5).
   It renders you almost immune to negative energy.
   It lets you see invisible.
   It lets you turn invisible.
 E - a ring of wizardry (on tentacle)
 G - a ring of willpower (on tentacle)
 L - an amulet of the acrobat (around mantle)
Wands
 k - a wand of paralysis (14)
 n - a wand of flame (46)
 q - a wand of digging (5)
 t - a wand of acid (10)
 D - a wand of disintegration (19)
 J - a wand of random effects (5)
Scrolls
 b - a scroll of magic mapping {unknown}
 f - a scroll of fog
 g - 3 scrolls of teleportation
 h - 2 scrolls of enchant armour {unknown}
 i - 8 scrolls of remove curse
 r - a scroll of random uselessness {unknown}
 s - a scroll of holy word {unknown}
 y - 3 scrolls of blinking {unknown}
 z - a scroll of amnesia {unknown}
 B - 2 scrolls of fear {unknown}
 M - a scroll of brand weapon {unknown}
Potions
 a - 4 potions of might
 c - 3 potions of brilliance
 d - a potion of resistance {unknown}
 e - 4 potions of haste
 j - 5 potions of curing
 o - a potion of berserk rage
 p - 3 potions of magic
 u - a potion of lignification {unknown}
 v - a potion of mutation {unknown}
 w - 2 potions of attraction {unknown}
 F - a potion of ambrosia {unknown}
 I - a potion of invisibility {unknown}
 K - a potion of heal wounds {unknown}
 N - a potion of cancellation {unknown}
Books
 x - a manual of Bows


   Skills:
 + Level 8.3 Fighting
 + Level 2.2 Dodging
 + Level 11.5 Stealth
 * Level 11.5 Unarmed Combat
 - Level 2.0 Spellcasting
 * Level 8.7 Transmutations
 - Level 4.4 Ice Magic


You had one spell level left.
You knew the following spells:

 Your Spells              Type           Power        Failure   Level
a - Beastly Appendage     Tmut           62%          4%          1
b - Spider Form           Tmut/Pois      8%           21%         3
c - Blade Hands           Tmut           15%          26%         5
d - Ice Form              Ice/Tmut       24%          24%         4

Your spell library contained the following spells:

 Spells                   Type           Power        Failure   Level
 Summon Small Mammal      Summ           4%           30%         1
 Wereblood                Tmut           31%          6%          2
 Call Imp                 Summ           1%           38%         2
 Call Canine Familiar     Summ           1%           54%         3
 Summon Guardian Golem    Hex/Summ       1%           54%         3
 Summon Ice Beast         Ice/Summ       9%           63%         4
 Summon Lightning Spire   Summ/Air       1%           85%         4


Dungeon Overview and Level Annotations

Branches:
Dungeon (10/15)            Temple (1/1) D:5            Lair (2/6) D:9
  Swamp (0/4) Lair:2          Orc (0/2) D:9
  Snake: Lair:2-4    Spider: Lair:2-4

Altars:
Ashenzari
Cheibriados
Dithmenos
Elyvilon
Fedhas
Gozag
Hepliaklqana
Kikubaaqudgha
Makhleb
Nemelex Xobeh
Okawaru
Qazlal
Ru
Sif Muna
Trog
Uskayaw
Vehumet
Wu Jian
Xom
Yredelemnul
Zin
The Shining One
Beogh

Shops:
D:7 =   D:9 [

Annotations:
D:6 exclusions: killer bee and 1 more exclusion
D:8 exclusion: 2 downstairs
Lair:1 exclusion: hydra


Innate Abilities, Weirdness & Mutations

You cannot wear most types of armour.
You are very stealthy in the water. (Stealth+)
You are amphibious.
You can wear up to eight rings at the same time.
You can use your tentacles to constrict eight enemies at once.
Your skin changes colour to match your surroundings (Stealth+).
Your rubbery body absorbs attacks. (AC +1, EV +1)


Message History

The boulder beetle bites you!!
You tentacle-slap the boulder beetle but do no damage.
The boulder beetle is lightly wounded.
You tentacle-slap the boulder beetle but do no damage.
The boulder beetle is lightly wounded.
The boulder beetle bites you!
You tentacle-slap the boulder beetle but do no damage.
The boulder beetle closely misses you.
Casting: Ice Form (dangerous; 5% risk of failure)
Confirm with . or Enter, or press ? or * to list all spells.
You turn into a creature of crystalline ice.
The boulder beetle bites you!!
* * * LOW HITPOINT WARNING * * *
Casting: Ice Form (dangerous; 5% risk of failure)
Confirm with . or Enter, or press ? or * to list all spells.
You warm up again.
Your tentacles turn into razor-sharp scythe blades.
The boulder beetle bites you!!
You die...
Your body crumbles into a pile of gold.

#....#
##...#.###....##
#....#
#....#♣......P#
##....#
#...#♣♣.♣♣...## ###
#...#.#
##...♣♣§§≈♣♣..# #.#
##...###
#....♣♣§§§♣♣..## ##.
#....#
#P...♣§§§§≈♣...#####.
#P...#
##...♣§§§§≈♣....##...
##...#
#...♣♣§§♣♣♣##..##...
#...## #..@♣♣♣♣♣
##.+.... ##....#
#...BP# ##.#8...
#.....### ##...##
#....... ##......##
#....# ##.###..
##.......# ##.... ###
#.. #P......## #....
##. ##......## #....
..# ###......P#
#....# ....
#P#......## ....


You could see a boulder beetle.

Vanquished Creatures
  2 hydras (Lair:1)
  Erica (D:8)
  A black mamba (Lair:2)
  A centaur zombie (D:9)
  3 cane toads
  A komodo dragon (Lair:1)
  A polar bear (Lair:2)
  Grinder (D:3)
  2 tyrant leeches (Lair:2)
  5 blink frogs (Lair:2)
  8 yaks
  Grum (D:8)
  2 wargs
  2 swamp worms (Lair:2)
  4 water moccasins
  7 orc warriors
  2 sky beasts
  A black bear (D:8)
  An ice beast (D:7)
  7 ogres
  7 centaurs
  7 wolves
  A big kobold (D:7)
  7 bullfrogs
  4 scorpions
  4 wights
  2 howler monkeys (D:8)
  4 hounds
  A jelly (D:9)
  A quasit (D:7)
  3 bullfrog skeletons
  2 gnoll shamans (D:7)
  8 orc priests
  7 orc wizards
  3 iguanas
  Natasha (D:3)
  5 worker ants
  2 hound skeletons
  Robin (D:3)
  A howler monkey zombie (D:9)
  11 gnolls
  4 adders
  3 white imps
  An ufetubus (D:4)
  2 oozes
  6 worms
  4 dart slugs
  3 leopard geckos
  51 orcs
  4 giant cockroaches
  16 goblins
  3 hobgoblins
  2 jackals (D:8)
  7 kobolds
  3 quokkas
  4 bats
  9 frilled lizards
  3 quokka skeletons
  6 rats
266 creatures vanquished.

Vanquished Creatures (others)
  11 fungi
  28 plants
39 creatures vanquished.

Grand Total: 305 creatures vanquished

Notes
Turn   | Place    | Note
-------+----------+-------------------------------------------
     0 | D:1      | nightchill the Octopode Transmuter began the quest for the
                  | Orb.
     0 | D:1      | Reached XP level 1. HP: 13/13 MP: 3/3
   383 | D:1      | Reached XP level 2. HP: 16/18 MP: 5/5
   455 | D:1      | Reached skill level 1 in Stealth
   762 | D:1      | Reached XP level 3. HP: 23/23 MP: 6/6
  2474 | D:3      | Found a white marble altar of Elyvilon.
  2492 | D:3      | Identified the +0 helmet of Hospitality {rElec rF- rN+}
  2492 | D:3      | Noticed Robin
  2509 | D:3      | Reached XP level 4. HP: 19/29 MP: 7/7
  2511 | D:3      | Killed Robin
  3008 | D:3      | Found an iron altar of Okawaru.
  3008 | D:3      | Found a sacrificial altar of Ru.
  3075 | D:3      | Noticed Grinder
  3326 | D:3      | You fall into a shaft and drop 2 floors!
  3326 | D:5      | Entered Level 5 of the Dungeon
  3622 | D:5      | Reached XP level 5. HP: 18/35 MP: 8/8
  4587 | D:5      | Reached skill level 5 in Unarmed Combat
  4742 | D:5      | Found a staircase to the Ecumenical Temple.
  4793 | Temple   | Entered the Ecumenical Temple
  4998 | Temple   | Became a worshipper of Gozag Ym Sagoz the Greedy
  5163 | D:5      | HP: 1/35 [white imp (5)]
  5635 | D:4      | Reached XP level 6. HP: 41/41 MP: 9/9
  5665 | D:4      | Found a broken altar of Ashenzari.
  7425 | D:3      | Noticed Natasha
  7434 | D:3      | Killed Natasha
  7435 | D:3      | Reached XP level 7. HP: 38/46 MP: 10/10
  7577 | D:3      | Paralysed by Grinder for 5 turns
  7594 | D:3      | Killed Grinder
  7595 | D:3      | Reached skill level 5 in Stealth
  8332 | D:6      | Reached XP level 8. HP: 12/54 MP: 11/11
  8907 | D:6      | Found a broken altar of Ashenzari.
  9324 | D:7      | Reached skill level 5 in Fighting
  9652 | D:7      | Identified the ring "Daemi" {rC+ rCorr}
 10129 | D:7      | Identified the ring "Hugaomit" {+Inv rN+++ Slay+5 SInv}
 10395 | D:7      | Reached XP level 9. HP: 47/59 MP: 12/12
 10684 | D:7      | Bought an uncursed ring of wizardry for 420 gold pieces
 10689 | D:7      | Learned a level 3 spell: Spider Form
 10695 | D:7      | Found a radiant altar of Vehumet.
 12674 | D:8      | Noticed Grum
 12687 | D:8      | Reached XP level 10. HP: 8/69 MP: 13/13
 13041 | D:8      | Killed Grum
 13381 | D:8      | Reached skill level 5 in Transmutations
 13383 | D:8      | Reached skill level 10 in Unarmed Combat
 13745 | D:8      | Noticed Erica
 13760 | D:8      | Killed Erica
 14718 | D:7      | Bought an uncursed amulet of the acrobat for 420 gold
                  | pieces
 14892 | D:9      | Reached skill level 10 in Stealth
 15112 | D:9      | Found a roughly hewn altar of Beogh.
 15112 | D:9      | Found a staircase to the Orcish Mines.
 15364 | D:9      | Found Aholy's Antique Armour Boutique.
 15486 | D:9      | Found a stormy altar of Qazlal.
 16124 | D:9      | Found a staircase to the Lair.
 16216 | D:9      | Reached XP level 11. HP: 67/75 MP: 14/14
 16444 | D:9      | Learned a level 5 spell: Blade Hands
 16596 | D:9      | Found an ornate altar of the Wu Jian Council.
 16663 | D:10     | Entered Level 10 of the Dungeon
 16709 | Lair:1   | Entered Level 1 of the Lair of Beasts
 16716 | Lair:1   | Learned a level 4 spell: Ice Form
 16736 | Lair:1   | Got a crystal rapier
 16796 | Lair:1   | Noticed a six-headed hydra
 16819 | Lair:1   | HP: 4/90 [six-headed hydra (6)]
 16820 | Lair:1   | Killed a six-headed hydra
 16821 | Lair:1   | Reached skill level 1 in Ice Magic
 17657 | Lair:1   | Noticed an eight-headed hydra
 17776 | Lair:1   | Noticed a four-headed hydra
 17790 | Lair:1   | Killed a four-headed hydra
 19580 | Lair:2   | Found a staircase to the Swamp.
 19879 | Lair:2   | Noticed a boulder beetle
 19891 | Lair:2   | Slain by a boulder beetle

Illustrated notes

Levels and vault maps discovered:
D:1:      giann_forest_graveyard, layout_basic, serial_bayou_pond_c
D:2:      layout_basic, minmay_splitting_lines, minmay_misc_feat_more_columns
D:3:      layout_loops_corners, general_overflow_altar,
          gammafunk_temple_overflow_wave, uniq_robin, uniq_grinder, uniq_natasha
D:4:      layout_gridville, kennysheep_mini, minmay_manual_macuahuitl
D:5:      layout_loops_ring
D:6:      layout_loops_cross, basic_altar
D:7:      kennysheep_seaside_town, layout_basic, minmay_holes,
          vehumet_altar_wand_db
D:8:      layout_gridville, uniq_erica, uniq_grum
D:9:      layout_cave_pools, pdpol_wu_jian_five_deadly_venoms,
          old_standard_altar, erik_lair_orcish_takeover, david_orc_5,
          serial_shops, shop
D:10:     layout_rooms, serial_shops, shop_statue
Temple:   eino_temple_scatter_basement
Lair:1:   layout_gridlike, beast_lair_carwin_10, grunt_megastairs_3
Lair:2:   layout_cellular_growth, minmay_swamp_entry_worms,
          nicolae_volcano_entry_lava_flow, grunt_megastairs_5,
          serial_bayou_shore_b, infiniplex_staircase_pool

Skill      XL: |  1  2  3  4  5  6  7  8  9 10 11 |
---------------+----------------------------------+-----
Stealth        | 1 2 3 4 5 7 9 10 11 | 11.5
Unarmed Combat | 4 5 6 8 9 10 11 | 11.5
Fighting       | 2 3 4 5 6 7 8 |  8.3
Transmutations | 4 6 8 |  8.7
Ice Magic      | 4 |  4.4
Dodging        | |  2.2
Spellcasting   | |  2.0

Action                   |  1- 3 |  4- 6 |  7- 9 | 10-12 || total
-------------------------+-------+-------+-------+-------++-------
Melee: Unarmed           |    95 |   152 |   247 |   274 ||   768
       Constrict         |    22 |    35 |    48 |    33 ||   138
       Tentacles         |    10 |    30 |    40 |    25 ||   105
       Punch             |     3 |     5 |     9 |    10 ||    27
Throw: Stone             |       |       |       |     1 ||     1
 Cast: Spider Form       |       |       |       |    17 ||    17
       Ice Form          |       |       |       |    12 ||    12
       Blade Hands       |       |       |       |     8 ||     8
Invok: Call Merchant     |       |       |     1 |       ||     1
Evoke: Wand              |       |       |       |     3 ||     3
  Use: Scroll            |       |     7 |     1 |     1 ||     9
       Potion            |       |       |     1 |     2 ||     3
 Stab: Sleeping          |    11 |    15 |    12 |     7 ||    45
       Distracted        |       |     2 |     3 |       ||     5
Armor: Skin              |     7 |     5 |     5 |    12 ||    29
Dodge: Dodged            |    51 |    57 |   120 |   165 ||   393
Block: Other             |       |     5 |    37 |     9 ||    51
       Reflection        |       |       |     4 |       ||     4
